[Event "ICC tourney 2149 (70 10)"]
[Site "Internet Chess Club"]
[Date "2020.11.22"]
[Round "6"]
[White "srguy55"]
[Black "jalenwang"]
[Result "0-1"]
[ICCResult "White resigns"]
[WhiteElo "1351"]
[BlackElo "1358"]
[Opening "Pirc: classical (two knights) system"]
[ECO "B08"]
[NIC "PU.10"]
[Time "19:33:12"]
[TimeControl "4200+10"]

1. d4 Nf6 2. Nc3 g6 3. e4 d6 4. Nf3 Bg7 5. Bc4 O-O 6. O-O c5 7. d5 Nbd7 8.
Bd2 a6 9. Rb1 b5 10. Be2 b4 11. Na4 Nxe4 12. b3 Bb7 13. Be3 a5 14. Qd3 Nef6
15. h3 Nxd5 16. Rbc1 Nxe3 17. Qxe3 Ne5 18. c4 Nxf3+ 19. Bxf3 Bxf3 20. Qxf3
Qc7 21. Rfe1 Rab8 22. Re2 Rfe8 23. Nb2 Red8 24. Nd3 Qb7 25. Qg4 Qd7 26. Qe4
d5 27. cxd5 Qxd5 28. Qxd5 Rxd5 29. Nxc5 Rc8 30. Rec2 Be5 31. g3 Bc3 32. Na4
Rd3 33. Kf1 e5 34. Ke2 e4 35. Rd1 Rcd8 36. Nxc3 bxc3 37. Rdc1 Rd2+ 38. Rxd2
Rxd2+ 39. Ke3 Rxa2 40. Rxc3 f5 41. f3 exf3 42. Kxf3 Ra3 43. Re3 Kf7 44. Ke2
Kf6 45. Kd2 g5 46. Rd3 f4 47. g4 Ke5 48. Kc2 Ra2+ 49. Kb1 Rh2 50. Kc1 Ke4
51. Rc3 f3 52. Kd1 Kd4 53. Rc1 Kd3 {White resigns} 0-1

[Event "ICC tourney 2149 (70 10)"]
[Site "Internet Chess Club"]
[Date "2020.11.22"]
[Round "6"]
[White "beans123"]
[Black "saketsingh"]
[Result "0-1"]
[ICCResult "White forfeits on time"]
[WhiteElo "1304"]
[BlackElo "1597"]
[Opening "Giuoco Piano"]
[ECO "C50"]
[NIC "IG.02"]
[Time "19:34:08"]
[TimeControl "4200+10"]

1. e4 e5 2. Nf3 Nc6 3. Bc4 Bc5 4. d4 Bxd4 5. Nxd4 Nxd4 6. f4 d6 7. Nc3 Qh4+
8. g3 Qg4 9. Qxg4 Bxg4 10. Bd3 Nf6 11. h3 Bd7 12. g4 O-O 13. f5 Rfe8 14. Be3
h6 15. O-O-O Rad8 16. g5 hxg5 17. Bxg5 Bc6 18. h4 d5 19. Rhg1 Kh8 20. exd5
Bxd5 21. Nxd5 Rxd5 22. Bxf6 gxf6 23. Kb1 e4 24. Bc4 Rdd8 25. Bxf7 Rf8 26.
Bc4 b5 27. Bb3 Nf3 28. Rgf1 Nd2+ 29. Kc1 Nxf1 30. Rxf1 c5 31. Be6 c4 32. Re1
Rd4 33. c3 Rd3 34. Rxe4 Rfd8 35. Re2 Rd1+ 36. Kc2 Ra1 37. a3 Rdd1 38. b3
Rac1+ 39. Kb2 Rb1+ 40. Kc2 cxb3+ 41. Bxb3 Rdc1+ 42. Kd2 Rb2+ 43. Kxc1 Rxe2
44. h5 Kh7 45. Bf7 Kh6 46. Kb1 Rh2 47. Bg6 a6 48. Ka1 Rc2 49. Kb1 Rh2
{White forfeits on time}
0-1

[Event "ICC tourney 2149 (70 10)"]
[Site "Internet Chess Club"]
[Date "2020.11.22"]
[Round "6"]
[White "Rishibhatt"]
[Black "BL1867"]
[Result "0-1"]
[ICCResult "White resigns"]
[WhiteElo "1425"]
[BlackElo "1329"]
[Opening "Philidor's defense"]
[ECO "C41"]
[NIC "KP.10"]
[Time "19:34:08"]
[TimeControl "4200+10"]

1. e4 e5 2. Nf3 d6 3. Bc4 Bg4 4. Nc3 Nc6 5. h3 Bh5 6. d3 Nd4 7. Be3 Nxf3+ 8.
gxf3 c6 9. d4 Qf6 10. Be2 exd4 11. Bxd4 Qg5 12. f4 Qg2 13. Kd2 Bxe2 14. Qxe2
Qg6 15. Rag1 Qh6 16. Qe3 Nf6 17. e5 dxe5 18. Qxe5+ Be7 19. Re1 Ng8 20. Qxg7
Qxf4+ 21. Be3 O-O-O+ 22. Kc1 Qf6 23. Qxf6 Bxf6 24. Bxa7 Bxc3 25. bxc3 Nf6
26. Bd4 Rd6 27. Re7 Rf8 28. Be5 Re6 29. Rc7+ Kd8 30. Rd1+ Nd5 31. Bg3 b5 32.
Kd2 Nxc7 33. Bxc7+ Kxc7 34. c4 Rd8+ 35. Kc1 Rxd1+ 36. Kxd1 bxc4 37. Kd2 Rh6
38. Kc3 Rxh3+ 39. Kxc4 Rf3 40. a4 Rxf2 41. a5 Rxc2+ 42. Kb4 Ra2 {White
resigns} 0-1

[Event "ICC tourney 2149 (70 10)"]
[Site "Internet Chess Club"]
[Date "2020.11.22"]
[Round "6"]
[White "venkataralla"]
[Black "ChalsparoV"]
[Result "1/2-1/2"]
[ICCResult "Game drawn by mutual agreement"]
[WhiteElo "1453"]
[BlackElo "1548"]
[Opening "QGD: exchange, positional line"]
[ECO "D35"]
[NIC "QO.16"]
[Time "19:33:27"]
[TimeControl "4200+10"]

1. d4 d5 2. c4 e6 3. Nc3 Nf6 4. cxd5 exd5 5. Bg5 Be7 6. e3 Nbd7 7. Bd3 O-O
8. Nge2 c6 9. f3 Re8 10. O-O Nf8 11. Qc2 g6 12. e4 Ne6 13. Be3 dxe4 14. Nxe4
Nd5 15. Bf2 Nb4 16. Qd2 Nxd3 17. Qxd3 Nc7 18. N2c3 Be6 19. Rfd1 Nd5 20. a3
f5 21. Nc5 Bxc5 22. dxc5 Qg5 23. Nxd5 Bxd5 24. Re1 Rad8 25. Rad1 h5 26.
Rxe8+ Rxe8 27. Kh1 Qe7 28. b4 Qe2 29. Qd4 Qe5 30. Qh4 Qe7 31. Qg3 Kf7 32.
Qf4 Qe2 33. Qd4 Qe5 34. Qh4 Qe7 35. Qg3 Qe5 36. f4 Qf6 37. h3 Re2 38. Kg1
Qb2 39. Re1 Rxe1+ 40. Bxe1 Qd4+ 41. Kh2 Qe4 42. Bc3 Qe7 43. Be5 Qe6 44. Qg5
Ke8 45. Qh6 Qg8 46. Bg7 Kf7 47. Be5 Ke8 48. Qg5 Qe6 49. Bf6 Kf7 50. Be5 Ke8
51. Qh6 Qg8 52. Qg5 {Game drawn by mutual agreement} 1/2-1/2

[Event "ICC tourney 2149 (70 10)"]
[Site "Internet Chess Club"]
[Date "2020.11.22"]
[Round "6"]
[White "sandwich-monkey"]
[Black "RatislavK"]
[Result "0-1"]
[ICCResult "White checkmated"]
[WhiteElo "1385"]
[BlackElo "1200"]
[Opening "Queen's pawn game"]
[ECO "A46"]
[NIC "QP.05"]
[Time "19:33:19"]
[TimeControl "4200+10"]

1. d4 Nf6 2. Nf3 e6 3. Bf4 d5 4. e3 Bd6 5. Bg3 Bxg3 6. hxg3 Nbd7 7. Nbd2 b6
8. Bd3 Bb7 9. c3 Qe7 10. Qe2 c5 11. e4 cxd4 12. Nxd4 dxe4 13. Nxe4 Nc5 14.
Nxf6+ Qxf6 15. Bb5+ Kf8 16. Rg1 g6 17. O-O-O Kg7 18. Bc6 Bxc6 19. Nxc6 a5
20. Rd4 Rhe8 21. Qe5 Qxe5 22. Nxe5 f6 23. Nd7 e5 24. Rdd1 Rad8 25. Nxc5 bxc5
26. Rxd8 Rxd8 27. Rd1 Rxd1+ 28. Kxd1 Kf7 29. b4 cxb4 30. cxb4 axb4 31. Kc2
h5 32. Kb3 f5 33. Kxb4 f4 34. gxf4 exf4 35. Kc5 h4 36. f3 g5 37. Kd4 g4 38.
Ke4 h3 39. fxg4 hxg2 40. Kxf4 g1=Q 41. Kg5 Qe3+ 42. Kh5 Kf6 43. Kh4 Qf2+ 44.
Kh3 Kg5 45. a4 Qf3+ 46. Kh2 Kxg4 47. a5 Qf2+ 48. Kh1 Kg3 49. a6 Qg2#
{White checkmated}
0-1

[Event "ICC tourney 2149 (70 10)"]
[Site "Internet Chess Club"]
[Date "2020.11.22"]
[Round "6"]
[White "Deng16"]
[Black "haarim"]
[Result "0-1"]
[ICCResult "White resigns"]
[WhiteElo "1410"]
[BlackElo "1451"]
[Opening "French: Rubinstein variation"]
[ECO "C03"]
[NIC "FR.07"]
[Time "19:33:16"]
[TimeControl "4200+10"]

1. e4 e6 2. d4 d5 3. Nd2 dxe4 4. Nxe4 Nd7 5. Nf3 Ngf6 6. Nc3 c5 7. Be3 Qb6
8. Rb1 Be7 9. Be2 O-O 10. O-O Rd8 11. Bd3 a6 12. Ne2 Nd5 13. Ng3 Nxe3 14.
fxe3 Qc7 15. c3 b5 16. Qc2 g6 17. Be4 Rb8 18. Qf2 Rf8 19. Rbd1 Bb7 20. h4
Bd6 21. Ne5 Nxe5 22. Bxb7 Ng4 23. Qf3 Bxg3 24. Qxg4 Rxb7 25. h5 Bh2+ 26. Kh1
Qg3 27. Qe4 Rd7 28. Rf3 Qc7 29. Rh3 Bd6 30. Rf1 Qb7 31. Qg4 f5 32. Qg5 Rg7
33. Qh6 Qf7 34. dxc5 Bxc5 35. Rg3 Bd6 36. Rg5 Be7 37. Rg3 g5 38. e4 Qf6 39.
Qxf6 Rxf6 40. e5 Rff7 41. Rd1 h6 42. Rgd3 Bf8 43. Rd6 Bxd6 44. exd6 Rd7 45.
Re1 Kf7 46. Re5 Rxd6 47. Rc5 Kf6 48. b3 f4 49. c4 bxc4 50. bxc4 e5 51. Ra5
Rc7 52. c5 Rdc6 53. a3 Ke6 54. a4 Kd5 55. Kh2 e4 {White resigns} 0-1

[Event "ICC tourney 2149 (70 10)"]
[Site "Internet Chess Club"]
[Date "2020.11.22"]
[Round "6"]
[White "MonoDubs"]
[Black "MrPenguino26"]
[Result "1-0"]
[ICCResult "Black forfeits on time"]
[WhiteElo "1427"]
[BlackElo "1255"]
[Opening "Sicilian"]
[ECO "B50"]
[NIC "SI.01"]
[Time "19:33:40"]
[TimeControl "4200+10"]

1. e4 c5 2. Nf3 d6 3. Bd3 g6 4. h3 Bg7 5. c3 e6 6. O-O Ne7 7. Bc2 Nbc6 8. d4
cxd4 9. Nxd4 O-O 10. Be3 a6 11. Nf3 Qc7 12. Qc1 Ne5 13. Nbd2 N7c6 14. Nd4
Bd7 15. N2f3 Nxf3+ 16. Nxf3 Ne5 17. Nxe5 Bxe5 18. Bh6 Bg7 19. Rd1 Rfd8 20.
Bxg7 Kxg7 21. Qf4 Bc6 22. h4 e5 23. Qg3 Qe7 24. Re1 Qf6 25. Rad1 h5 26. Bb3
Bd7 27. Rd2 Be6 28. Bd5 Bxd5 29. Rxd5 Rd7 30. Red1 Rad8 31. a4 Qe6 32. a5
Rc8 33. Qd3 Rc6 34. c4 Kf8 35. b4 Ke7 36. b5 axb5 37. cxb5 Rc5 38. a6 bxa6
39. bxa6 Rxd5 40. exd5 Qf5 41. Qe3 Qf4 42. Qb6 Qa4 43. Rb1 Qa2 44. Rb5 Qa1+
45. Kh2 Qa4 46. Rb4 Qa3 47. Qb5 {Black forfeits on time} 1-0

[Event "ICC tourney 2149 (70 10)"]
[Site "Internet Chess Club"]
[Date "2020.11.22"]
[Round "6"]
[White "Quickburger9000"]
[Black "chessfans2020"]
[Result "1-0"]
[ICCResult "Black forfeits on time"]
[WhiteElo "808"]
[BlackElo "1488"]
[Opening "Queen's Indian defense"]
[ECO "A47"]
[NIC "QP.06"]
[Time "19:33:48"]
[TimeControl "4200+10"]

1. d4 Nf6 2. Nf3 b6 3. Bg5 e6 4. Nbd2 Bb7 5. e4 h6 6. Bxf6 Qxf6 7. c3 c5 8.
Bd3 Qd8 9. O-O Be7 10. Re1 O-O 11. e5 d6 12. exd6 Qxd6 13. Ne4 Qc7 14. dxc5
bxc5 15. Rc1 Rd8 16. Qe2 Nd7 17. h3 Nf6 18. b3 Rd7 19. Nxf6+ Bxf6 20. Be4
Rad8 21. c4 a5 22. Bxb7 Qxb7 23. Rcd1 Kf8 24. Ne5 Rxd1 25. Rxd1 Qc7 26.
Rxd8+ Qxd8 27. Qe3 Qd1+ 28. Kh2 Qd6 29. f4 h5 30. Qe4 g5 31. g3 Qd2+ 32. Qg2
Qxg2+ 33. Kxg2 Bxe5 34. fxe5 f6 35. exf6 Kf7 36. Kf3 Kxf6 37. Ke4 e5 38. g4
Ke6 39. gxh5 Kf6 40. h6 Kg6 41. Kxe5 Kxh6 42. Ke4 Kh5 43. Kf3 Kh4 44. Kg2 g4
45. hxg4 Kxg4 46. Kf2 Kf4 47. Ke2 Ke4 48. Kd2 Kd4 49. Kc2 Ke5 50. Kd3 Kf5
51. Kc3 Ke5 52. Kd3 Kf5 53. a3 {Black forfeits on time} 1-0